 Dungeon Crawl Stone Soup version 0.18-a0-1406-gf4880ca (webtiles) character file.

254 CopycatKevin the Ducker (level 5, -1/46 HPs)
             Began as a Draconian Berserker on Feb 24, 2016.
             Was a Believer of Trog.
             Slain by a worker ant (5 damage)
             ... on level 4 of the Dungeon.
             The game lasted 00:21:14 (3450 turns).

CopycatKevin the Ducker (Draconian Berserker)       Turns: 3450, Time: 00:21:14

Health: -1/46      AC:  5    Str: 20    XL:     5   Next: 91%
Magic:  5/5        EV: 13    Int:  8    God:    Trog [**....]
Gold:   216        SH:  0    Dex: 10    Spells: 0 memorised, 4 levels left

rFire  . . .     SeeInvis .     g - +0 short sword
rCold  . . .     Gourm    .     (armour unavailable)
rNeg   . . .     Faith    .     (no shield)
rPois  .         Spirit   .     (helmet restricted)
rElec  .         Dismiss  .     (no cloak)
rCorr  .         Reflect  .     (no gloves)
SustAt .         Harm     .     (no boots)
MR     .....                    (no amulet)
Stlth  ++........               (no ring)
                                (no ring)

@: not resistant to hostile enchantments, unstealthy
A: unfitting armour, cold-blooded, AC +5
a: Berserk, Trog's Hand, Burn Spellbooks, Renounce Religion


You were on level 4 of the Dungeon.
You worshipped Trog.
Trog was pleased with you.
You were very hungry.

You visited 1 branch of the dungeon, and saw 4 of its levels.

You collected 216 gold pieces.

Inventory:

Hand Weapons
 g - a +0 short sword (weapon)
Scrolls
 d - a scroll of remove curse
 e - a scroll of immolation
Potions
 c - a potion of ambrosia {unknown}
 f - a potion of degeneration {unknown}
 h - a potion of mutation {unknown}
 i - a potion of lignification {unknown}
 j - a potion of cancellation {unknown}
 k - a potion of heal wounds {unknown}
 l - a potion of haste {unknown}
Comestibles
 b - 3 bread rations


   Skills:
 + Level 4.2 Fighting
 + Level 1.1 Short Blades
   Level 3.3 Axes
 + Level 4.8 Dodging
 + Level 2.0 Stealth


You had 4 spell levels left.
You didn't know any spells.

Dungeon Overview and Level Annotations

Branches:
Dungeon (4/15)
 Temple: D:4-7

Altars:
Pakellas
Qazlal
The Shining One


Innate Abilities, Weirdness & Mutations

Your plain brown scales are hard (AC +5).
Your body does not fit into most forms of armour.
You are cold-blooded and may be slowed by cold attacks.


Message History

The phantom hits you but does no damage.
The worker ant barely misses you.
You closely miss the worker ant.
The worker ant is severely wounded.
The phantom hits you.
* * * LOW HITPOINT WARNING * * *
The worker ant bites you.
* * * LOW HITPOINT WARNING * * *
The phantom closely misses you.
Drink which item? (? for menu, Esc to quit)
You feel better. The worker ant barely misses you. The phantom misses you.
You hit the worker ant.
The worker ant is almost dead.
The worker ant closely misses you. The phantom hits you.
* * * LOW HITPOINT WARNING * * *
The phantom blinks!
You barely miss the worker ant.
Your tail-slap misses the worker ant.
The worker ant is almost dead.
The worker ant barely misses you. The worker ant bites you.
You die...

##...## #)##.#.
#.######.....#
#.##.#.
.[......#...##
#...... #.#####....##
####.## ####.# #.#
#.# ####.## ##'##
#...... ##...##
#...... #.@...#
#...... #..aW...#
##......
#.........####.......
+.........+..........
#.........####...#...
#. ##..(....##
##.###.# #. ##.....##
##.#.## .. ##...##
#..## ##.#### #+#
#.##


You could see a phantom and a worker ant.

Vanquished Creatures
  An ogre (D:4)
  A worker ant (D:3)
  4 gnolls (D:3)
  2 adders
  A shadow imp (D:3)
  2 oozes (D:1)
  2 worms (D:2)
  2 dart slugs
  An orc (D:3)
  2 giant cockroaches
  12 goblins
  4 hobgoblins
  3 jackals (D:2)
  A quokka (D:2)
  3 ball pythons
  7 bats
  A giant gecko skeleton (D:3)
  3 giant newts
  12 kobolds
  4 rats
68 creatures vanquished.

Notes
Turn   | Place    | Note
--------------------------------------------------------------
     0 | D:1      | CopycatKevin the Draconian Berserker began the quest for the Orb.
     0 | D:1      | Reached XP level 1. HP: 19/19 MP: 1/1
   179 | D:1      | Reached XP level 2. HP: 24/26 MP: 2/2
   918 | D:1      | Reached XP level 3. HP: 31/33 MP: 3/3
  1549 | D:2      | Found an oddly glowing altar of Pakellas.
  1557 | D:2      | Reached ** piety under Trog
  1909 | D:2      | Reached skill level 1 in Stealth
  2084 | D:2      | Reached XP level 4. HP: 20/40 MP: 4/4
  2613 | D:3      | Found a glowing golden altar of the Shining One.
  2618 | D:3      | Reached XP level 5. HP: 13/46 MP: 5/5
  3222 | D:3      | Found a stormy altar of Qazlal.
  3343 | D:4      | Noticed an ogre
  3348 | D:4      | Killed an ogre
  3348 | D:4      | Reached skill level 1 in Short Blades
  3426 | D:4      | Noticed a phantom
  3450 | D:4      | Slain by a worker ant

Vault maps used:
D:1:      evilmike_arrival_hilbert_curve
D:2:      first_bread, minivault_11, grunt_ministairs_6, grunt_pakellas_salt
D:3:      nicolae_tso_carved_into_rock, nicolae_qazlal_eye_of_the_storm
D:4:      makhleb_grotto_becter, minmay_temple_entry_nine_rooms

Skill      XL: |  1  2  3  4  5 |
---------------+----------------+-----
Dodging        | 3 4 |  4.8
Stealth        | 1 2 |  2.0
Fighting       | 4 |  4.2
Short Blades   | 1 |  1.1
Axes           | |  3.3

Action                   |  1- 3 |  4- 6 || total
-------------------------+-------+-------++-------
Melee: Hand axe          |    58 |       ||    58
       Short sword       |   117 |   107 ||   224
Invok: Berserk           |     2 |     3 ||     5
       Trog's Hand       |     1 |       ||     1
  Use: Scroll            |     4 |     2 ||     6
       Potion            |       |     3 ||     3
 Stab: Sleeping          |     1 |     2 ||     3
  Eat: Chunk             |     6 |     6 ||    12
